 Dungeon Crawl Stone Soup version 0.23.2-30-g0e89c35649 (webtiles) character file.

Game seed: 5581299036172972732

803 varam the Firebug (level 7, 0/41 HPs)
             Began as an Octopode Fire Elementalist on June 14, 2019.
             Was a Believer of Vehumet.
             Succumbed to a water moccasin's poison
             ... on level 5 of the Dungeon.
             The game lasted 00:20:26 (4819 turns).

varam the Firebug (Octopode Fire Elementalist)      Turns: 4819, Time: 00:20:27

Health: 0/41       AC:  1    Str:  7    XL:     7   Next: 91%
Magic:  2/10       EV: 13    Int: 19    God:    Vehumet [**....]
Gold:   243        SH:  9    Dex: 13    Spells: 5/10 levels left

rFire    . . .     SeeInvis .   i - +2 dagger (venom)
rCold    . . .     Gourm    .   f - +0 buckler
rNeg     . . .     Faith    .   (helmet restricted)
rPois    .         Spirit   .   n - +4 amulet of reflection
rElec    .         Reflect  +   p - +2 ring of slaying
rCorr    .         Harm     .   (no ring)
MR       .....                  (no ring)
Stlth    +++.......             (no ring)
HPRegen  0.13/turn              (no ring)
MPRegen  0.12/turn              (no ring)
                                (no ring)
                                (no ring)

@: lethally poisoned (0 -> -7), very slightly contaminated
A: almost no armour, stealthy swim, amphibious, 8 rings, constrict 8, camouflage
1, gelatinous body 1
a: Renounce Religion


You were on level 5 of the Dungeon.
You worshipped Vehumet.
Vehumet was pleased with you.
You were hungry.

You visited 1 branch of the dungeon, and saw 6 of its levels.

You collected 243 gold pieces.

Inventory:

Hand Weapons
 c - a +2 short sword of venom
 i - a +2 dagger of venom (weapon)
Missiles
 g - 130 stones (quivered)
Armour
 f - a +0 buckler (worn)
Jewellery
 d - an uncursed amulet of regeneration
 n - a +4 amulet of reflection (around mantle)
 p - a +2 ring of slaying (left tentacle)
Scrolls
 a - a scroll of identify
 k - a scroll of immolation {unknown}
 l - a scroll of random uselessness {unknown}
 m - 3 scrolls of amnesia {unknown}
 o - 2 scrolls of fog
 t - 3 scrolls of remove curse
Potions
 h - a potion of ambrosia {unknown}
 j - 2 potions of curing {unknown}
 q - a potion of might {unknown}
 s - a potion of invisibility {unknown}
Comestibles
 b - 10 rations


   Skills:
 - Level 2.0 Dodging
 - Level 2.6 Stealth
 - Level 4.0 Shields
 - Level 2.0 Spellcasting
 + Level 4.1 Conjurations
 * Level 6.8 Fire Magic


You had 5 spell levels left.
You knew the following spells:

 Your Spells              Type           Power        Failure   Level  Hunger
a - Flame Tongue          Conj/Fire      ###..        1%          1    #......
b - Sticky Flame          Conj/Fire      ###.....     19%         4    #####..

Your spell library contained the following spells:

 Spells                   Type           Power        Failure   Level  Hunger
 Searing Ray              Conj           ###...       4%          2    ###....
 Throw Flame              Conj/Fire      ###...       2%          2    ###....
 Conjure Flame            Conj/Fire      ###.....     5%          3    ###....
 Inner Flame              Hex/Fire       ##......     13%         3    ###....
 Fireball                 Conj/Fire      ###.......   45%         5    ######.


Dungeon Overview and Level Annotations

Branches:
Dungeon (6/15)             Temple (0/1) D:5

Altars:
Dithmenos
Nemelex Xobeh
Sif Muna
Trog
Vehumet
The Shining One

Shops:
D:5 *


Innate Abilities, Weirdness & Mutations

You cannot wear most types of armour.
You are very stealthy in the water. (Stealth+)
You are amphibious.
You can wear up to eight rings at the same time.
You can use your tentacles to constrict eight enemies at once.
Your skin changes colour to match your surroundings (Stealth+).
Your rubbery body absorbs attacks. (AC +1, EV +1)


Message History

* * * LOW HITPOINT WARNING * * *
You feel sick. The water moccasin closely misses you.
You hit the water moccasin. Your grab misses the water moccasin.
The water moccasin is moderately wounded.
* * * LOW HITPOINT WARNING * * *
You feel sick.
The water moccasin completely misses you.
You miss the water moccasin. Your grab misses the water moccasin.
The water moccasin is moderately wounded.
* * * LOW HITPOINT WARNING * * *
You feel sick. The water moccasin bites you.
* * * LOW HITPOINT WARNING * * *
You block the water moccasin's attack.
You barely miss the water moccasin. Your grab misses the water moccasin.
Your squeeze misses the water moccasin.
The water moccasin is moderately wounded.
The water moccasin barely misses you.
You closely miss the water moccasin. Your grab misses the water moccasin.
The water moccasin is moderately wounded.
You die...

#...# #.#......#.#.#
##รท.#
#.######.#.#.##########
#..#
#.#...................#
#####.##
#.#.########.#######.##
.>.....# #.#..........#
#.#
######.####.############
#.# ..............>...#
#.# ######..###.##.##S#
#.# ....<.....#.....@.#
#.# #.........###..####
#.# #.######.## #.....#
#.# #.# #..# ##.##.# #.#
#.# ##.## #.##.# #.# #.#
#..###.##.# #.# #.#
#.........# #.# #.#
#...##.#### #.# #.#
#.#.##.# #.#


You could see a water moccasin.

Vanquished Creatures
  A sky beast (D:5)
  2 ogres
  A howler monkey (D:5)
  A hound (D:5)
  3 orc priests (D:4)
  3 orc wizards (D:4)
  Natasha (D:3)
  2 worker ants
  A hound zombie (D:5)
  5 gnolls
  5 adders
  An ooze (D:1)
  4 worms
  A leopard gecko (D:4)
  8 orcs
  7 giant cockroaches
  8 goblins
  14 hobgoblins
  12 jackals
  3 quokkas
  A ball python (D:1)
  6 bats
  4 frilled lizards
  A jackal skeleton (D:5)
  7 kobolds
  A quokka skeleton (D:5)
  4 rats
107 creatures vanquished.

Notes
Turn   | Place    | Note
-------+----------+-------------------------------------------
     0 | D:1      | varam the Octopode Fire Elementalist began the quest for
                  | the Orb.
     0 | D:1      | Reached XP level 1. HP: 11/11 MP: 3/3
   290 | D:1      | Reached XP level 2. HP: 13/17 MP: 0/5
   650 | D:1      | Reached XP level 3. HP: 9/21 MP: 0/6
  1189 | D:2      | Reached skill level 2 in Conjurations
  1189 | D:2      | Reached skill level 4 in Fire Magic
  1212 | D:2      | Reached XP level 4. HP: 26/27 MP: 0/7
  1270 | D:2      | Found a radiant altar of Vehumet.
  1275 | D:2      | Became a worshipper of Vehumet
  2058 | D:3      | Reached XP level 5. HP: 31/31 MP: 6/8
  2556 | D:3      | Noticed Natasha
  2731 | D:3      | Reached skill level 5 in Fire Magic
  2922 | D:3      | Reached * piety under Vehumet
  2922 | D:3      | Offered knowledge of Shock by Vehumet.
  3000 | D:3      | Killed Natasha
  3005 | D:3      | Reached skill level 3 in Conjurations
  3146 | D:4      | Reached skill level 1 in Shields
  3163 | D:4      | Reached XP level 6. HP: 36/36 MP: 7/9
  3299 | D:4      | Reached skill level 2 in Shields
  3598 | D:4      | Reached skill level 3 in Shields
  3608 | D:4      | Found a glowing golden altar of the Shining One.
  3611 | D:4      | Found a sparkling altar of Nemelex Xobeh.
  3614 | D:4      | Found a bloodstained altar of Trog.
  3617 | D:4      | Found a deep blue altar of Sif Muna.
  3755 | D:4      | Reached skill level 4 in Shields
  4001 | D:4      | Reached XP level 7. HP: 41/41 MP: 8/10
  4089 | D:5      | Entered Level 5 of the Dungeon
  4179 | D:5      | Found a shadowy altar of Dithmenos.
  4191 | D:5      | Reached skill level 6 in Fire Magic
  4304 | D:5      | Learned a level 4 spell: Sticky Flame
  4423 | D:5      | Found Ypour's General Store.
  4455 | D:5      | Found a staircase to the Ecumenical Temple.
  4474 | D:5      | Offered knowledge of Searing Ray by Vehumet.
  4474 | D:5      | Reached skill level 4 in Conjurations
  4534 | D:5      | Reached ** piety under Vehumet
  4817 | D:5      | HP: 4/41 [poisoned by a water moccasin]
  4817 | D:5      | HP: 1/41 [water moccasin (3)]
  4819 | D:5      | Succumbed to a water moccasin's poison

Skill      XL: |  1  2  3  4  5  6  7 |
---------------+----------------------+-----
Conjurations   | 2 3 4 |  4.1
Fire Magic     | 4 5 6 |  6.8
Shields        | 1 4 |  4.0
Dodging        | |  2.0
Stealth        | |  2.6
Spellcasting   | |  2.0

Action                   |  1- 3 |  4- 6 |  7- 9 || total
-------------------------+-------+-------+-------++-------
Melee: Unarmed           |    20 |       |       ||    20
       Tentacles         |     5 |     9 |     6 ||    20
       Constrict         |     5 |    30 |     8 ||    43
       Dagger            |     3 |    97 |    31 ||   131
Throw: Stone             |     1 |     1 |       ||     2
 Cast: Flame Tongue      |    39 |    39 |     9 ||    87
  Use: Scroll            |       |     5 |     2 ||     7
       Potion            |       |       |     1 ||     1
 Stab: Sleeping          |     1 |    12 |     6 ||    19
  Eat: Chunk             |       |    11 |     2 ||    13
Armor: Skin              |     2 |     6 |     1 ||     9
Dodge: Dodged            |    22 |    50 |    15 ||    87
Block: Buckler           |       |    15 |    12 ||    27
